 Dungeon Crawl Stone Soup version 0.30-b1-2-g02819fbbbe (webtiles) character file.

Game seed: 620274833129242949

215 MisterFreud the Changer (level 5, -1/42 HPs)
             Began as a Draconian Transmuter on May 9, 2023.
             Slain by a goblin
             ... wielding a +2 dagger of draining
             ... led by Robin
              (6 damage)
             ... on level 4 of the Dungeon.
             The game lasted 00:04:30 (2419 turns).

MisterFreud the Changer (Draconian Transmuter)      Turns: 2419, Time: 00:04:30

Health: -1/42      AC:  2    Str: 18    XL:     5   Next: 60%
Magic:  5/8        EV: 19    Int: 15    God:
Gold:   121        SH:  0    Dex: 17    Spells: 4/8 levels left

rFire   . .          .
                       - Unarmed
rCold   . . .        (shield currently unavailable)
rNeg    . . .        (body armour unavailable)
rPois   x            (helmet currently unavailable)
rElec   .            (cloak currently unavailable)
rCorr   .            (gloves currently unavailable)
SInv    .            (boots currently unavailable)
Will    .....        (no amulet)
Stlth   ++           d - +6 ring of strength
HPRegen 0.27/turn    j - ring of flight
MPRegen 0.11/turn

%: no passive effects
@: spider-form (expiring), flying
A: venomous fangs, AC +5, tiny, unfitting armour, (cold-blooded)
a: End Transformation


You were on level 4 of the Dungeon.
You were a venomous arachnid creature.
You visited 1 branch of the dungeon, and saw 4 of its levels.

You collected 121 gold pieces.

Inventory:

Missiles
 f - 6 poisoned darts
Jewellery
 d - a +6 ring of strength (left front pincers)
 e - a +6 ring of dexterity
 j - a ring of flight (right front pincers)
Scrolls
 h - a scroll of poison
Potions
 a - a potion of lignification
 b - 3 potions of resistance
 c - 2 potions of curing
 g - a potion of magic {unknown}
 i - 3 potions of heal wounds


   Skills:
 + Level 2.6 Fighting
 - Level 1.7 Dodging
 + Level 3.7 Unarmed Combat
 - Level 2.0 Spellcasting
 - Level 5.0 Transmutations


You had 4 spell levels left.
You knew the following spells:

 Your Spells              Type           Power      Damage    Failure   Level
a - Beastly Appendage     Tmut           32%        N/A       10%         1
b - Spider Form           Tmut/Pois      9%         N/A       45%         3

Your spell library contained the following spells:

 Spells                   Type           Power      Damage    Failure   Level
 Wereblood                Tmut           16%        N/A       13%         2
 Passwall                 Tmut/Erth      7%         N/A       28%         2
 Sandblast                Erth           2%         2d4       43%         1
 Stone Arrow              Conj/Erth      2%         3d7       75%         3
 Ice Form                 Ice/Tmut       9%         N/A       80%         4
 Animate Dead             Necr           1%         N/A       98%         4
 Borgnjor's Vile Clutch   Necr/Erth      0%         N/A       100%        5
 Death Channel            Necr           0%         N/A       100%        6


Dungeon Overview and Level Annotations

Branches:
Dungeon (4/15)
 Temple: D:4-7

Altars:


Innate Abilities, Weirdness & Mutations

You are a venomous arachnid creature.
You have venomous fangs.
You are tiny and dextrous.
Your spellcasting is less reliable in this form.
Your armour is entirely melded.
You are incapable of wielding weapons or throwing items.
((Your plain brown scales are hard. (AC +5)))
You cannot fit into any form of body armour.
((You are cold-blooded and may be slowed by cold attacks.))


Message History

The hobgoblin misses you.
Robin roars a battlecry!
The goblin goes into a battle-frenzy!
The endoplasm quivers.
You barely miss the hobgoblin.
The hobgoblin is severely wounded.
A goblin comes into view. It is wielding a +0 dagger.
The hobgoblin barely misses you.
You bite Robin!
Robin is moderately wounded.
The goblin no longer looks unusually strong.
The hobgoblin no longer looks unusually strong.
You hit Robin but do no damage.
Robin is poisoned.
Robin is moderately wounded.
Your transformation is almost over.
The hobgoblin no longer looks unusually strong.
Robin throws the goblin at you! The hobgoblin misses you.
The goblin misses you.
You hit Robin.
Robin looks even sicker.
Robin is heavily wounded.
The goblin closely misses you.
You hit Robin.
Robin is severely wounded.
Robin roars a battlecry!
The goblins go into a battle-frenzy!
The goblin closely misses you. The hobgoblin misses you.
The goblin hits you with a +0 club.
Unknown command.
You hit Robin.
You kill Robin!
You kill the hobgoblin!
The goblin hits you with a +2 dagger of draining!
* * * LOW HITPOINT WARNING * * *
You feel drained.
* * * LOW HITPOINT WARNING * * *
The goblin misses you. The goblin barely misses you.
Your life force feels restored.
Unknown command.
The goblin attacks as you move away!
The goblin hits you with a +2 dagger of draining.
You die... #####. . .#...# # .. ....# .. ...#...#####>.. ......#..... ........ #ggg.

.. ##gg##.....
#†s)J......
#...g.......
......#.......
##.#.###.......
#. #. #.....#
#. #. ...### .
# #..# ...


You could see an endoplasm, a hobgoblin (strong) and 5 goblins.

Vanquished Creatures
  Terence (D:3)
  An orc wizard (D:4)
  Robin (D:4)
  5 gnolls
  2 adders (D:2)
  2 worms (D:2)
  3 orcs (D:4)
  4 ball pythons
  9 bats
  5 endoplasms
  3 giant cockroaches
  5 goblins
  8 hobgoblins
  10 jackals
  6 quokkas
  10 frilled lizards
  3 kobolds
  3 rats
81 creatures vanquished.

Vanquished Creatures (others)
  13 plants (D:1)
13 creatures vanquished.

Grand Total: 94 creatures vanquished

Notes
Turn   | Place    | Note
-------+----------+-------------------------------------------
     0 | D:1      | MisterFreud the Draconian Transmuter began the quest for
                  | the Orb.
     0 | D:1      | Reached XP level 1. HP: 16/16 MP: 3/3
   361 | D:2      | Reached XP level 2. HP: 23/23 MP: 3/5
   367 | D:2      | Reached skill level 3 in Transmutations
   547 | D:2      | Reached XP level 3. HP: 28/28 MP: 4/6
   737 | D:2      | Reached skill level 4 in Transmutations
  1162 | D:1      | Reached XP level 4. HP: 15/35 MP: 5/7
  1201 | D:1      | Learned a level 3 spell: Spider Form
  1926 | D:3      | Noticed Terence
  2065 | D:3      | Reached skill level 5 in Transmutations
  2109 | D:3      | Killed Terence
  2110 | D:3      | Reached XP level 5. HP: 41/41 MP: 5/8
  2397 | D:4      | Noticed Robin
  2418 | D:4      | Killed Robin
  2419 | D:4      | Slain by a goblin

Illustrated notes

Levels and vault maps discovered:
D:1:      dpeg_arrival_tiny_e, layout_basic, serial_bayou_lagoon_a,
          minmay_lizard_king
D:2:      layout_basic, minmay_tripent
D:3:      layout_rooms, uniq_terence
D:4:      layout_cave_pools, pf_just_have_faith, mainiacjoe_overflow_alcove_2,
          kennysheep_doodads, chequers_avenue, palyth_stone_intersect,
          uniq_robin

Skill      XL: |  1  2  3  4 |
---------------+-------------+-----
Transmutations | 3 4 5 |  5.0
Fighting       | 2 |  2.6
Dodging        | |  1.7
Unarmed Combat | |  3.7
Spellcasting   | |  2.0

Action                     |  1- 3 |  4- 6 || total
---------------------------+-------+-------++-------
  Melee: Unarmed           |   122 |   144 ||   266
         Kick              |    19 |     8 ||    27
         Headbutt          |     9 |     3 ||    12
         Tailslap          |     7 |     5 ||    12
         Punch             |     2 |     2 ||     4
   Cast: Beastly Appendage |    14 |     4 ||    18
         Spider Form       |       |     4 ||     4
    Use: Scroll            |       |     8 ||     8
 Armour: Skin              |    41 |    42 ||    83
  Dodge: Dodged            |    78 |   105 ||   183
